 Dungeon Crawl Stone Soup version 0.26-a0-597-gb535b0901c (webtiles) character file.

Game seed: 7817496519550155841

7 Rurisku the Grave Robber (level 2, 0/19 HPs)
             Began as a Human Necromancer on Aug 25, 2020.
             Slain by a jackal (2 damage)
             ... on level 1 of the Dungeon.
             The game lasted 00:23:26 (702 turns).

Rurisku the Grave Robber (Human Necromancer)         Turns: 702, Time: 00:23:26

Health: 0/19       AC:  2    Str:  8    XL:     2   Next: 10%
Magic:  0/5        EV: 12    Int: 15    God:
Gold:   19         SH:  0    Dex: 13    Spells: 3/5 levels left

rFire    . . .     SeeInvis .   d - +3 short sword
rCold    . . .     Faith    .   (no shield)
rNeg     . . .     Spirit   .   a - +0 robe
rPois    .         Reflect  .   (no helmet)
rElec    .         Harm     .   (no cloak)
rCorr    .                      (no gloves)
MR       .....                  (no boots)
Stlth    ++........             (no amulet)
HPRegen  0.06/turn              (no ring)
MPRegen  0.09/turn              (no ring)

@: no status effects
A: no striking features
a: no special abilities


You were on level 1 of the Dungeon.
You visited 1 branch of the dungeon, and saw 1 of its levels.

You collected 19 gold pieces.

Inventory:

Hand Weapons
 d - a +3 short sword (weapon)
 e - a +0 mace
Missiles
 b - 41 sling bullets
Armour
 a - a +0 robe (worn)
Scrolls
 c - 2 scrolls of identify {unknown}
Potions
 f - a potion of heal wounds {unknown}


   Skills:
 + Level 2.0 Dodging
 + Level 2.2 Stealth
 + Level 2.0 Spellcasting
 + Level 4.2 Necromancy


You had 3 spell levels left.
You knew the following spells:

 Your Spells              Type           Power        Failure   Level
a - Pain                  Necr           ##..         3%          1
b - Animate Skeleton      Necr           ##....       3%          1

Your spell library contained the following spells:

 Spells                   Type           Power        Failure   Level
 Vampiric Draining        Necr           ##........   12%         3
 Animate Dead             Necr           ##........   36%         4
 Agony                    Necr           ##......     71%         5


Dungeon Overview and Level Annotations

Branches:
Dungeon (1/15)

Altars:


Message History

The jackal bites you.
Casting: Pain (safe; 3% risk of failure)
Confirm with . or Enter, or press ? or * to list all spells.
Press: ? - help, Shift-Dir - straight line, f - jackal, p - jackal
Aim: a jackal (moderately wounded, chance to defeat MR: 85%)
The jackal writhes in agony.
The jackal bites you.
* * * LOW HITPOINT WARNING * * *
The jackal barely misses you. The jackal misses you.
Casting: Pain (safe; 3% risk of failure)
Confirm with . or Enter, or press ? or * to list all spells.
Press: ? - help, Shift-Dir - straight line, f - jackal, p - jackal
Aim: a jackal (moderately wounded, chance to defeat MR: 85%)
The jackal writhes in agony.
You kill the jackal!
The jackal bites you but does no damage.
The jackal closely misses you. The jackal bites you.
You die...

#.# #.# #. #.# #.#
#. ####.####># #.
#.......#.# #.
#.#####.#.#
##########.
#.#.......#
#..........
#.#.###.#.#
#.######### #.#.#
#.#.# #.# #.#.#
#.#@# #.# #.#.#
#.#h# #.#
######.#.###.#.#
##.#
###........†.....#
#..#
.........#.###.###
#.## ##.#.#####.#
#.# #.#
..###......# #.#
#.#
##.#.#########.##
#.# . ..#
#...######.#


You could see a jackal.

Vanquished Creatures
  A dart slug (D:1)
  3 jackals (D:1)
  A rat (D:1)
5 creatures vanquished.

Notes
Turn   | Place    | Note
-------+----------+-------------------------------------------
     0 | D:1      | Rurisku the Human Necromancer began the quest for the Orb.
     0 | D:1      | Reached XP level 1. HP: 13/13 MP: 3/3
    32 | D:1      | Learned a level 1 spell: Animate Skeleton
   651 | D:1      | Reached XP level 2. HP: 16/19 MP: 0/5
   702 | D:1      | Slain by a jackal

Illustrated notes

Levels and vault maps discovered:
D:1:      matt_arrival_grand_opening, layout_loops_ring

Action                   || total
-------------------------++-------
Melee: Unarmed           ||     1
 Cast: Pain              ||    12
       Animate Skeleton  ||     1
Armor: Robe              ||     1
Dodge: Dodged            ||    20

Table legend: (Time is in decaauts)
 A = Elapsed time spent in this place.
 B = Non-inter-level travel time spent in this place.
 C = Inter-level travel time spent in this place.
 D = Time resting spent in this place.
 E = Time spent auto-exploring this place.
 F = Levels seen in this place.
 G = Mean time per level.
                   A        B        C        D        E       F      G
               +--------+--------+--------+--------+--------+-----+--------+
         Total |    701 |    700 |      1 |    210 |      0 |   1 |  701.0 |
       Dungeon |    701 |    700 |      1 |    210 |      0 |   1 |  701.0 |
               +--------+--------+--------+--------+--------+-----+--------+

Top non-repeatable levels by time:
     D:1: 701 daAuts
